 Dungeon Crawl Stone Soup version 0.14-a0-3367-g7c2a7eb (webtiles) character file.

5478 4tharraofdagon the Conjurer (level 10, -8/50 HPs)
             Began as a Tengu Fire Elementalist on Mar 19, 2014.
             Was a Believer of Sif Muna.
             Killed from afar by a deep elf mage (23 damage)
             ... with a bolt of magma
             ... on Level 10 of the Dungeon.
             The game lasted 00:28:48 (4251 turns).

4tharraofdagon the Conjurer (TeFE)                  Turns: 4251, Time: 00:28:48

HP  -8/50        AC 10     Str  8      XL: 10   Next: 60%
MP  17/25        EV 10     Int 20      God: Sif Muna [**....]
Gold 289         SH  0     Dex 14      Spells:  4 memorised,  9 levels left

rFire  . . .     SeeInvis .     H - +1 morningstar (protect)
rCold  + . .     Clarity  .     e - +0 leather armour
rNeg   . . .     Conserve .     (no shield)
rPois  .         rCorr    .     (helmet restricted)
rElec  .         rRot     .     (no cloak)
SustAb + .       Spirit   .     r - +1 pair of gloves
rMut   .         Warding  .     (boots unavailable)
Saprov . . .     Stasis   .     (no amulet)
MR     .....                    y - ring of protection from cold
                                s - ring of sustain abilities

@: not resistant to hostile enchantments, fairly stealthy
A: able to fly, beak, talons 3
a: Fly, Channel Energy, Forget Spell, Renounce Religion


You were on level 10 of the Dungeon.
You worshipped Sif Muna.
Sif Muna was pleased with you.
You were very hungry.

You visited 1 branch of the dungeon, and saw 10 of its levels.

You collected 289 gold pieces.

Inventory:

Hand weapons
 d - a +1,+1 cutlass of holy wrath
 k - a +0,+0 club
 l - a +0,+0 long sword
 o - a -1,+1 spear
 p - a +1,+1 short sword of draining
 H - a +1,+1 morningstar of protection (weapon)
Missiles
 t - 2 throwing nets (quivered)
Armour
 e - a +0 leather armour (worn)
 r - a +1 pair of gloves (worn)
Magical devices
 i - a wand of lightning (7)
 m - a wand of teleportation (5)
 w - a wand of fireball (3)
 z - a wand of slowing (9)
 A - a wand of disintegration (10)
 I - a wand of flame (10)
Comestibles
 a - a rotting chunk of centaur flesh
 c - 2 bread rations
 f - 6 meat rations
 G - a choko
 K - an apple
 L - a rotting chunk of bat flesh
 M - 2 chunks of iguana flesh
Scrolls
 j - 2 scrolls of enchant armour
 B - 2 scrolls of remove curse
 D - a scroll of identify
 F - a scroll of teleportation
 J - a scroll of enchant weapon II
 N - a scroll of silence
Jewellery
 s - a ring of sustain abilities (left hand)
 y - a ring of protection from cold (right hand)
Potions
 h - a potion of confusion
 n - 4 potions of curing
 q - 2 potions of brilliance
 u - a potion of restore abilities
 v - a potion of heal wounds
 x - 2 potions of poison {unknown}
 C - a potion of haste
 E - a potion of resistance
Books
 b - a book of Flames

   Spells                             Type                      Level
   *Flame Tongue                      Conjuration/Fire             1
   Throw Flame                        Conjuration/Fire             2
   *Conjure Flame                     Conjuration/Fire             3
   Inner Flame                        Hexes/Fire                   3
   *Sticky Flame                      Conjuration/Fire             4
   *Fireball                          Conjuration/Fire             5
 g - a book of Annihilations {highlevel}

   Spells                             Type                      Level
   Poison Arrow                       Conjuration/Poison           6
   Chain Lightning                    Conjuration/Air              8
   Lehudib's Crystal Spear            Conjuration/Earth            8
   Glaciate                           Conjuration/Ice              9
   Fire Storm                         Conjuration/Fire             9


   Skills:
 - Level 2.1 Dodging
 - Level 2.0 Stealth
 + Level 6.7 Spellcasting
 + Level 11.3 Conjurations
 + Level 10.3 Fire Magic
 * Level 4.8 Invocations


You had 9 spell levels left.
You knew the following spells:

 Your Spells              Type           Power        Failure   Level  Hunger
a - Flame Tongue          Conj/Fire      #####        1%          1    None
b - Conjure Flame         Conj/Fire      ######..     1%          3    ##.....
c - Sticky Flame          Conj/Fire      ######..     1%          4    ###....
d - Fireball              Conj/Fire      ######....   3%          5    #####..


Dungeon Overview and Level Annotations

Branches:
Dungeon (10/15)
 Temple: D:4-7          Orc: D:9-12        Lair: D:8-11

Altars:
Elyvilon
Okawaru
Sif Muna

Shops:
D:5 [

Annotations:
D:6 Dowan, Duvessa


Innate Abilities, Weirdness & Mutations

You can fly.
You have a beak for a mouth.
You have claws for feet.


Message History

Use which ability? (? or * to list)
You channel some magical energy.
You feel somewhat more hungry.
Use which ability? (? or * to list)
You channel some magical energy.
You feel somewhat more hungry.
Use which ability? (? or * to list)
You channel some magical energy.
You feel somewhat more hungry.
Casting: Conjure Flame
Confirm with . or Enter, or press ? or * to list all spells.
Aiming: Fireball
Press: ? - help, Shift-Dir - straight line, f - scorpion
Aim: a scorpion The fireball explodes!
The fireball engulfs the scorpion.
You kill the scorpion!
The fireball engulfs the deep elf mage.
The deep elf mage is heavily wounded.
You are feeling very hungry.
The deep elf mage points at you and mumbles some strange words.
The bolt of magma hits you!
One of your 3 scrolls of enchant armour catches fire!
You die...

#####
#.....#
#.....#
#.....#
#.....#
#.....#
#.....#
#.....#
#.....#
#@##### #.#
#ยง#
....#+###%#
....!.s..e#
######..###
#.e #.. #..


You could see a deep elf mage.

Vanquished Creatures
  A hill giant (D:10)
  An octopode (D:10)
  2 gargoyles
  A centaur zombie (D:7)
  Prince Ribbit (D:5)
  A two-headed ogre (D:9)
  A wyvern (D:7)
  Eustachio (D:5)
  A hippogriff (D:8)
  A water moccasin (D:7)
  Edmund (D:6)
  A sky beast (D:9)
  An ice beast (D:9)
  2 ogres
  An orc warrior (D:6)
  A black bear (D:6)
  4 centaurs
  4 giant frogs
  4 scorpions
  8 killer bees
  2 goliath beetles (D:9)
  A gnoll shaman (D:10)
  A hound (D:9)
  2 jellies
  2 worker ants (D:5)
  A black bear skeleton (D:4)
  7 iguanas
  3 orc wizards
  A killer bee zombie (D:6)
  Ijyb (D:5)
  An ogre skeleton (D:6)
  A worker ant zombie (D:5)
  8 gnolls
  2 adders
  2 shadow imps
  A scorpion zombie (D:9)
  A goliath beetle zombie (D:5)
  A worm (D:2)
  An adder skeleton (D:6)
  3 giant geckos
  6 orcs
  2 ball pythons (D:5)
  A bat skeleton (D:4)
  4 giant cockroaches
  3 goblins
  7 hobgoblins
  6 jackals
  2 quokkas
  11 bats
  A giant newt (D:2)
  4 kobolds
  A kobold skeleton (D:4)
  A quokka skeleton (D:5)
  11 rats
140 creatures vanquished.

Notes
Turn   | Place    | Note
--------------------------------------------------------------
     0 | D:1      | 4tharraofdagon, the Tengu Fire Elementalist, began the quest for the Orb.
     0 | D:1      | Reached XP level 1. HP: 10/10 MP: 3/3
    82 | D:1      | Reached XP level 2. HP: 7/15 MP: 1/5
   404 | D:2      | Reached XP level 3. HP: 13/19 MP: 0/7
   409 | D:2      | Learned a level 3 spell: Conjure Flame
   967 | D:5      | Entered Level 5 of the Dungeon
  1032 | D:5      | Noticed Eustachio
  1062 | D:5      | Killed Eustachio
  1062 | D:5      | Reached skill level 4 in Conjurations
  1062 | D:5      | Reached XP level 4. HP: 7/24 MP: 3/9
  1062 | D:5      | Reached XP level 5. HP: 8/28 MP: 4/12
  1233 | D:5      | Learned a level 4 spell: Sticky Flame
  1319 | D:5      | Found Plelaum's Armour Emporium.
  1341 | D:5      | Reached skill level 5 in Fire Magic
  1409 | D:5      | Reached skill level 5 in Conjurations
  1409 | D:5      | Reached XP level 6. HP: 32/32 MP: 4/14
  1508 | D:6      | Found a white marble altar of Elyvilon.
  1598 | D:6      | Noticed Edmund
  1618 | D:6      | Killed Edmund
  1701 | D:6      | Reached skill level 6 in Conjurations
  1701 | D:6      | Reached XP level 7. HP: 16/36 MP: 12/17
  1769 | D:6      | Noticed Dowan
  1771 | D:6      | Noticed Duvessa
  2156 | D:7      | Reached skill level 7 in Conjurations
  2156 | D:7      | Reached XP level 8. HP: 36/41 MP: 11/19
  2301 | D:7      | Noticed a centaur zombie
  2309 | D:7      | Killed a centaur zombie
  2309 | D:7      | Reached skill level 8 in Conjurations
  2377 | D:7      | Found an iron altar of Okawaru.
  2648 | D:5      | Noticed Ijyb
  2655 | D:5      | Killed Ijyb
  2705 | D:5      | Noticed Prince Ribbit
  2722 | D:5      | Killed Prince Ribbit
  2776 | D:5      | Noticed a scorpion
  2782 | D:5      | Killed a scorpion
  2782 | D:5      | Reached skill level 9 in Conjurations
  3024 | D:5      | Noticed a centaur
  3039 | D:5      | Killed a centaur
  3039 | D:5      | Reached XP level 9. HP: 16/45 MP: 14/22
  3297 | D:7      | Reached skill level 5 in Spellcasting
  3360 | D:8      | Found a deep blue altar of Sif Muna.
  3366 | D:8      | Became a worshipper of Sif Muna the Loreminder
  3434 | D:9      | Reached skill level 10 in Conjurations
  3526 | D:9      | Acquired Sif Muna's first power
  3601 | D:9      | Reached skill level 1 in Invocations
  3651 | D:8      | Learned a level 5 spell: Fireball
  3837 | D:9      | Noticed a gargoyle
  3859 | D:9      | Killed a gargoyle
  3859 | D:9      | Reached XP level 10. HP: 45/50 MP: 16/25
  3896 | D:10     | Entered Level 10 of the Dungeon
  3897 | D:10     | Reached skill level 10 in Fire Magic
  3956 | D:10     | Acquired Sif Muna's second power
  4046 | D:10     | Noticed a hill giant
  4062 | D:10     | Killed a hill giant
  4062 | D:10     | Reached skill level 11 in Conjurations
  4174 | D:10     | Noticed an octopode
  4202 | D:10     | Killed an octopode
  4251 | D:10     | Killed from afar by a deep elf mage

Action                   |  1- 3 |  4- 6 |  7- 9 | 10-12 || total
-------------------------+-------+-------+-------+-------++-------
Melee: Unarmed           |    51 |       |       |       ||    51
       Short sword       |    11 |       |       |       ||    11
       Long sword        |    10 |       |       |       ||    10
       Cutlass           |       |    26 |    14 |       ||    40
       Morningstar       |       |       |    48 |    11 ||    59
Throw: Javelin           |       |     3 |     1 |       ||     4
 Cast: Flame Tongue      |    47 |    10 |    71 |     4 ||   132
       Conjure Flame     |     1 |     1 |    14 |     6 ||    22
       Sticky Flame      |       |     4 |    30 |     8 ||    42
       Fireball          |       |       |     1 |     7 ||     8
Invok: Channel Energy    |       |       |     6 |    19 ||    25
 Abil: Fly               |       |     1 |       |       ||     1
Evoke: Wand              |       |       |     6 |     4 ||    10
  Use: Potion            |     3 |       |     2 |     1 ||     6
       Scroll            |     7 |     1 |     7 |     2 ||    17
